 Dungeon Crawl Stone Soup version 0.23.2-40-g277498a001 (webtiles) character file.

Game seed: 9064877030815201107

63 Descartes the Scratcher (level 3, 0/16 HPs)
             Began as a Felid Transmuter on Aug 19, 2019.
             Slain by an adder (4 damage)
             ... on level 3 of the Dungeon.
             The game lasted 00:08:05 (4556 turns).

Descartes the Scratcher (Felid Transmuter)          Turns: 4556, Time: 00:08:06

Health: 0/16       AC:  1    Str:  9    XL:     3   Next: 89%
Magic:  7/7        EV: 18    Int: 15    God:
Gold:   257        SH:  0    Dex: 16    Spells: 0/7 levels left
                                        Lives:  0   Deaths: 1

rFire    . . .     SeeInvis +     - Unarmed
rCold    . . .     Gourm    .   (shield unavailable)
rNeg     . . .     Faith    .   (armour unavailable)
rPois    .         Spirit   .   (helmet unavailable)
rElec    .         Reflect  .   (cloak unavailable)
rCorr    .         Harm     .   (gloves unavailable)
MR       .....                  (boots unavailable)
Stlth    +++.......             (no amulet)
HPRegen  0.05/turn              n - +3 ring of strength
MPRegen  0.10/turn              (no ring)

@: quick
A: very small, no armour, no weapons or thrown items, stealth, claws 1, fangs 3,
see invisible, carnivore, speed 1, shaggy fur 1, slow metabolism 1, wild magic
1, sharp paws
a: no special abilities


You were on level 3 of the Dungeon.
You were not hungry.

You visited 1 branch of the dungeon, and saw 4 of its levels.

You collected 257 gold pieces.

Inventory:

Missiles
 a - 50 arrows
 d - 26 stones
Jewellery
 n - a +3 ring of strength (left paw)
Scrolls
 b - 2 scrolls of enchant weapon {unknown}
 e - a scroll of noise {unknown}
 f - 2 scrolls of amnesia {unknown}
 g - 2 scrolls of identify {unknown}
 h - a scroll of immolation {unknown}
 i - 2 scrolls of magic mapping {unknown}
 k - a scroll of teleportation {unknown}
 p - a scroll of random uselessness {unknown}
 q - a scroll of remove curse {unknown}
Potions
 j - a potion of heal wounds {unknown}
 l - a potion of brilliance
 m - a potion of haste {unknown}
 r - a potion of might
Comestibles
 c - 6 rations


   Skills:
 + Level 1.9 Fighting
 + Level 3.3 Dodging
 + Level 2.1 Stealth
 * Level 4.0 Unarmed Combat
 + Level 2.5 Spellcasting
 + Level 2.8 Transmutations


You couldn't memorise any spells.
You knew the following spells:

 Your Spells              Type           Power        Failure   Level  Hunger
a - Beastly Appendage     Tmut           ##....       11%         1    #......
b - Sticks to Snakes      Tmut           ##......     14%         2    ###....
c - Ice Form              Ice/Tmut       #.......     82%         4    #####..

Your spell library contained the following spells:

 Spells                   Type           Power        Failure   Level  Hunger
 Spider Form              Tmut/Pois      #.........   43%         3    ###....
 Blade Hands              Tmut           ##........   92%         5    ######.


Dungeon Overview and Level Annotations

Branches:
Dungeon (4/15)
 Temple: D:4-7

Altars:

Annotations:
D:3 1 runed translucent door, Crazy Yiuf


Innate Abilities, Weirdness & Mutations

You cannot wear armour.
You are incapable of wielding weapons or throwing items.
Your paws allow you to move quietly. (Stealth)
You have sharp claws.
You have razor-sharp teeth.
You have supernaturally acute eyesight. (SInv)
You are carnivorous and can eat meat at any time.
You cover ground quickly.
You are covered in fur. (AC +1)
You have a slow metabolism.
Your sharp claws are effective at attacking unaware monsters.
Your spells are a little harder to cast, but a little more powerful.


Message History

You barely miss the gnoll. You headbutt the gnoll. You bite the gnoll.
The gnoll is severely wounded.
The gnoll hits you!
* * * LOW HITPOINT WARNING * * *
You claw the gnoll!
You kill the gnoll!
Your horns disappear.
You see here 3 gold pieces.
There is a stone staircase leading down here.
You can't go up here!
You climb downwards.
Found 26 bolts.
There is a stone staircase leading up here.
You climb upwards.
Level annotation: 1 runed translucent door, Crazy Yiuf The adder barely misses you.
The adder misses you.
There is a stone staircase leading down here.
The adder closely misses you. The adder bites you.
You die...

#.# #.# ##.#.##.# #. #.#
#.###.###.#.# #. #######.#
#.##.## ##..## #. #.......#
#.##..###.#..# #. ###.#####.#
#.##.#.#.###.# ##. ...#.# #.#
#....##.## #.# #.. ###.## #.#
###..#### #.### #.#
#########.# #..# #...# #.#
..((....#)#####.@# ###.# #.#
####.......##...S###### #.#
#.# #.......#.##.......# ##.##
#.#
#........####..###.###...###.#
#...#....##....# #...........#
#........##.##.# #####...#####
#.......#.#.#.## ##.##
#.......##...## ##.#
#####....#####.## #..#


You could see an adder.

Vanquished Creatures
  5 adders
  2 gnolls
  A worm (D:2)
  A dart slug (D:1)
  2 leopard geckos
  An orc (D:3)
  A giant cockroach (D:1)
  5 goblins
  7 hobgoblins
  4 jackals (D:1)
  A quokka (D:2)
  5 bats
  3 frilled lizards (D:2)
  7 kobolds
  8 rats
53 creatures vanquished.

Notes
Turn   | Place    | Note
-------+----------+-------------------------------------------
     0 | D:1      | Descartes the Felid Transmuter began the quest for the Orb.
     0 | D:1      | Reached XP level 1. HP: 9/9 MP: 4/4
   441 | D:1      | Reached XP level 2. HP: 12/12 MP: 4/6
   454 | D:1      | Learned a level 2 spell: Sticks to Snakes
   893 | D:1      | Reached skill level 1 in Stealth
   924 | D:1      | Reached XP level 3. HP: 9/15 MP: 5/7
  1800 | D:2      | Gained mutation: Your spells are a little harder to cast,
                  | but a little more powerful. [potion of mutation]
  2118 | D:2      | Reached XP level 4. HP: 17/19 MP: 8/8
  2127 | D:2      | Learned a level 4 spell: Ice Form
  2724 | D:2      | You fall through a shaft for 2 floors!
  2729 | D:4      | Noticed a phantom
  2742 | D:4      | Noticed an ogre
  4215 | D:3      | Found a runed translucent door.
  4216 | D:3      | Noticed Crazy Yiuf
  4288 | D:3      | Reached skill level 4 in Unarmed Combat
  4413 | D:3      | Slain by a gnoll
  4414 | D:3      | Reached XP level 3. HP: 0/16 MP: 2/7
  4556 | D:3      | Slain by an adder

Skill      XL: |  1  2  3  4 |
---------------+-------------+-----
Stealth        | 1 2 |  2.1
Dodging        | 3 |  3.3
Unarmed Combat | 4 |  4.0
Fighting       | |  1.9
Spellcasting   | |  2.5
Transmutations | |  2.8

Action                   |  1- 3 |  4- 6 || total
-------------------------+-------+-------++-------
Melee: Unarmed           |   107 |    51 ||   158
       Bite              |    14 |     7 ||    21
       Headbutt          |    22 |     5 ||    27
 Cast: Beastly Appendage |    23 |    15 ||    38
       Sticks to Snakes  |       |     5 ||     5
  Use: Potion            |     2 |     2 ||     4
 Stab: Sleeping          |     8 |     3 ||    11
  Eat: Chunk             |    10 |     4 ||    14
Armor: Skin              |     4 |       ||     4
Dodge: Dodged            |    75 |    40 ||   115
